 Dungeon Crawl Stone Soup version 0.30.1-4-g462c640d31 (webtiles) character file.

Game seed: 11115119224750062857

494 Nick1 the Shield-Bearer (level 7, -2/55 HPs)
             Began as a Formicid Fighter on Sept 17, 2023.
             Slain by a gnoll
             ... wielding a +0 spear
             ... led by a gnoll bouda
              (5 damage)
             ... on level 5 of the Dungeon.
             The game lasted 00:15:43 (3275 turns).

Nick1 the Shield-Bearer (Formicid Fighter)          Turns: 3275, Time: 00:15:43

Health: -2/55      AC: 16    Str: 22    XL:     7   Next: 38%
Magic:  7/7        EV:  7    Int:  8    God:
Gold:   370        SH:  9    Dex: 13    Spells: 6/6 levels left

rFire   . . .        A - +0 war axe (elec)
rCold   . . .        q - +0 kite shield
rNeg    . . .        p - +0 storm dragon scales
rPois   .            (helmet unavailable)
rElec   +            n - +0 cloak
rCorr   .            r - +0 pair of gloves
SInv    +            (no boots)
Will    .....        (no amulet) Stlth
                     (no ring)
HPRegen 0.29/turn    (no ring)
MPRegen 0.10/turn

%: no passive effects
@: attractive
A: permanent stasis, dig shafts and tunnels, antennae 3, four strong arms,
iridescent scales 1, deterioration 1
a: Dig, Shaft Self


You were on level 5 of the Dungeon.
You visited 1 branch of the dungeon, and saw 5 of its levels.

You collected 370 gold pieces.

Inventory:

Hand Weapons
 a - a +0 war axe
 A - a +0 war axe of electrocution (weapon)
Missiles
 d - 2 boomerangs
 w - a throwing net (quivered)
 x - 2 poisoned darts
Armour
 b - a +0 scale mail
 c - a +0 buckler
 n - a +0 cloak (worn)
 p - +0 storm dragon scales (worn)
 q - a +0 kite shield (worn)
 r - a +0 pair of gloves (worn)
 y - a +0 plate armour
Wands
 e - a wand of polymorph (8)
Scrolls
 h - 2 scrolls of magic mapping {unknown}
 i - a scroll of fear {unknown}
 j - a scroll of amnesia {unknown}
 m - a scroll of teleportation {unknown}
 o - 2 scrolls of identify {unknown}
 u - a scroll of vulnerability {unknown}
 v - a scroll of acquirement {unknown}
 z - a scroll of silence {unknown}
Potions
 f - a potion of resistance {unknown}
 g - a potion of mutation
 k - 2 potions of heal wounds {unknown}
 l - 2 potions of attraction
 s - a potion of brilliance {unknown}
 t - a potion of lignification {unknown}


   Skills:
 * Level 4.4 Fighting
 * Level 5.3 Axes
 * Level 4.7 Armour
 + Level 0.3 Dodging
 + Level 0.8 Stealth
 * Level 5.5 Shields


You had 6 spell levels left.
You didn't know any spells.
Your spell library contained the following spells:

 Spells                   Type           Power      Damage    Failure   Level
 Beastly Appendage        Tmut           0%         N/A       100%        1
 Slow                     Hex            0%         N/A       100%        1
 Cigotuvi's Dreadful Rot  Necr/Pois/Air  0%         N/A       100%        2
 Sublimation of Blood     Necr           0%         N/A       100%        2
 Wereblood                Tmut           0%         N/A       100%        2
 Confusing Touch          Hex            0%         N/A       100%        3
 Ignite Poison            Fire/Tmut/Pois 0%         N/A       100%        3
 Spider Form              Tmut/Pois      0%         N/A       100%        3
 Vampiric Draining        Necr           0%         2d6       100%        3
 Petrify                  Tmut/Erth      0%         N/A       100%        4
 Freezing Cloud           Conj/Ice/Air   0%         6-21      100%        5
 Irradiate                Conj/Tmut      0%         3d11      100%        5


Dungeon Overview and Level Annotations

Branches:
Dungeon (5/15)
 Temple: D:4-7

Altars:
Dithmenos
Gozag
Nemelex Xobeh
Qazlal
Sif Muna
Wu Jian
Yredelemnul


Innate Abilities, Weirdness & Mutations

You cannot be hasted, slowed, berserked, paralysed or teleported.
You can dig through walls and to a lower floor.
You have a pair of large antennae on your head. (SInv)
Your four strong arms can wield two-handed weapons with a shield.
You are partially covered in iridescent scales. (AC +2)
Your body sometimes deteriorates upon taking damage.


Message History

The gnoll hits you but does no damage.
The gnoll hits you from afar with a +0 halberd!
You block the gnoll bouda's attack.
The gnoll hits you from afar with a +0 halberd!
You block the gnoll's attack.
You barely miss the gnoll bouda.
The gnoll bouda is almost dead.
You block the gnoll bouda's attack.
The gnoll hits you but does no damage. x2
You slash the gnoll bouda!
You kill the gnoll bouda!
The gnoll hits you from afar with a +0 spear.
You block the gnoll's attack. The gnoll hits you but does no damage.
Unknown command.
You slash the gnoll! Lightning courses through the gnoll!
You kill the gnoll!
The gnoll hits you but does no damage.
The gnoll hits you from afar with a +0 halberd.
* * * LOW HITPOINT WARNING * * *
You block the gnoll's attack. x2
Unknown command.
An ice beast comes into view.
The gnoll hits you but does no damage.
The ice beast moves out of view.
Items here: $ )) [ †.
You slash the gnoll!
The gnoll is severely wounded.
The gnoll hits you from afar with a +0 spear.
* * * LOW HITPOINT WARNING * * *
The gnoll hits you with a +0 halberd!
* * * LOW HITPOINT WARNING * * *
Unknown command.
It was a potion of attraction.
You feel attractive to monsters.
The ice beast hits you but does no damage.
You block the gnoll's attack. x2; The gnoll is attracted toward you. x2
It was a potion of mutation.
You feel extremely strange.
Iridescent scales grow over part of your body.
You feel yourself wasting away. You block the ice beast's attack.
The gnoll hits you from afar with a +0 spear.
You die...

#.....####
#.#....#####
#.###.# #.#.##.#
#.....# #......#
#+###'#
###.########
#.....#####
#........#
#.........#
########.#
###.##..#.#.#####
#[..
#.......Y.g......
#...
#.#.##..#@#....
#... #
#.##..#g#.###
#### #.......g.#
####.####§# #.#
#.. ###.### #..
#.....# ##..
#.....# . #.....#


You could see an ice beast and 3 gnolls.

Vanquished Creatures
  An orc warrior (D:5)
  A kobold brigand (D:4)
  A gnoll bouda (D:5)
  2 hounds
  A sleepcap (D:5)
  2 iguanas (D:4)
  4 adders
  2 gnolls (D:5)
  2 worms
  A dart slug (D:4)
  7 orcs
  8 ball pythons
  3 bats
  5 endoplasms
  3 giant cockroaches
  15 goblins
  8 hobgoblins
  5 jackals
  11 kobolds
  8 quokkas
  4 frilled lizards
  6 rats
100 creatures vanquished.

Notes
Turn   | Place    | Note
-------+----------+-------------------------------------------
     0 | D:1      | Nick1 the Formicid Fighter began the quest for the Orb.
     0 | D:1      | Reached XP level 1. HP: 18/18 MP: 1/1
   174 | D:1      | Reached XP level 2. HP: 24/24 MP: 2/2
   422 | D:1      | Reached XP level 3. HP: 29/29 MP: 3/3
  1518 | D:3      | Found a shadowy altar of Dithmenos.
  1518 | D:3      | Found an ornate altar of the Wu Jian Council.
  1579 | D:3      | Found an opulent altar of Gozag.
  1650 | D:3      | Reached XP level 4. HP: 22/32 MP: 4/4
  2147 | D:4      | Reached XP level 5. HP: 42/42 MP: 5/5
  2402 | D:4      | Found a basalt altar of Yredelemnul.
  2420 | D:4      | Reached XP level 6. HP: 37/48 MP: 6/6
  2431 | D:4      | Found a sparkling altar of Nemelex Xobeh.
  2507 | D:4      | HP: 1/48 [kobold brigand/+0 dagger (5)]
  2509 | D:4      | Reached skill level 5 in Shields
  2862 | D:4      | Found a shimmering blue altar of Sif Muna.
  3074 | D:5      | Entered Level 5 of the Dungeon
  3079 | D:5      | Noticed an orc warrior
  3093 | D:5      | Killed an orc warrior
  3094 | D:5      | Reached skill level 5 in Axes
  3094 | D:5      | Reached XP level 7. HP: 26/54 MP: 7/7
  3124 | D:5      | Found a stormy altar of Qazlal.
  3275 | D:5      | Gained mutation: You are partially covered in iridescent
                  | scales. (AC +2) [potion of mutation]
  3275 | D:5      | Gained mutation: Your body sometimes deteriorates upon
                  | taking damage. [potion of mutation]
  3275 | D:5      | Slain by a gnoll

Illustrated notes

Levels and vault maps discovered:
D:1:      nzn_arrival_depleted_hourglass, layout_basic
D:2:      layout_loops_ring, minmay_misc_feat_diagonals,
          nicolae_elevator_lobby_plus
D:3:      minmay_chambers_of_threes, layout_basic, nicolae_gozag_seed_capital,
          amethyst_overflow_temple_binary, serial_bayou_lagoon_a,
          chequers_serial_rivers_room_b, minmay_distorted
D:4:      layout_cave_pools, nemelex_diamond_rough_becter, led_sif_book,
          mainiacjoe_overflow_tiny_flanked, serial_bayou, serial_bayou_pond_c,
          serial_bayou_crossing, serial_bayou_lagoon_b, serial_bayou_pond_b,
          lexackson_kobold_supper
D:5:      layout_loops_cross, mainiacjoe_overflow_six_doors_small,
          lemuel_tele_altar, lemuel_coloured_pillars_altar, uniq_pikel,
          uniq_menkaure

Skill      XL: |  1  2  3  4  5  6 |
---------------+-------------------+-----
Axes           | 3 4 5 |  5.3
Armour         | 4 |  4.7
Fighting       | 4 |  4.4
Shields        | 5 |  5.5
Dodging        | |  0.3
Stealth        | |  0.8

Action                     |  1- 3 |  4- 6 |  7- 9 || total
---------------------------+-------+-------+-------++-------
  Melee: War axe           |    90 |   237 |    19 ||   346
  Throw: Throwing net      |       |     2 |       ||     2
Ability: Dig               |     1 |       |       ||     1
    Use: Scroll            |     2 |       |       ||     2
         Potion            |       |     1 |     2 ||     3
 Armour: Scale mail        |    26 |       |       ||    26
         Storm dragon scal |    11 |   100 |    18 ||   129
  Dodge: Dodged            |    24 |    60 |     9 ||    93
  Block: Buckler           |    24 |     8 |       ||    32
         Kite shield       |       |    81 |    14 ||    95
